 Dungeon Crawl Stone Soup version 0.24.1-5-g77f818bfca (webtiles) character file.

Game seed: 7841640288539650273, levelgen mode: deterministic

196 Descartes the Ducker (level 5, 0/25 HPs)
             Began as a Felid Monk on Apr 23, 2020.
             Slain by a worker ant (5 damage)
             ... on level 4 of the Dungeon.
             The game lasted 00:08:58 (4699 turns).

Descartes the Ducker (Felid Monk)                   Turns: 4699, Time: 00:08:58

Health: 0/25       AC:  1    Str:  8    XL:     5   Next: 45%
Magic:  6/6        EV: 21    Int: 12    God:
Gold:   164        SH:  2    Dex: 18    Spells: 4/4 levels left
                                        Lives:  0   Deaths: 1

rFire    . . .     SeeInvis +     - Unarmed
rCold    . . .     Gourm    .   (shield unavailable)
rNeg     . . .     Faith    .   (armour unavailable)
rPois    .         Spirit   .   (helmet unavailable)
rElec    .         Reflect  +   (cloak unavailable)
rCorr    .         Harm     .   (gloves unavailable)
MR       .....                  (boots unavailable)
Stlth    +++.......             b - +2 amulet of reflection
HPRegen  0.08/turn              (no ring)
MPRegen  0.10/turn              (no ring)

@: lethally poisoned (0 -> -8), quick
A: very small, no armour, no weapons or thrown items, stealth, claws 1, fangs 3,
see invisible, carnivore, speed 1, shaggy fur 1, slow metabolism 1, sharp paws
a: no special abilities


You were on level 4 of the Dungeon.
You were very full.

You visited 1 branch of the dungeon, and saw 4 of its levels.

You collected 164 gold pieces.

Inventory:

Jewellery
 b - a +2 amulet of reflection (around neck)
Scrolls
 c - a scroll of magic mapping {unknown}
 e - 4 scrolls of remove curse {unknown}
 f - a scroll of enchant weapon {unknown}
 h - a scroll of enchant armour {unknown}
 k - a scroll of immolation {unknown}
 l - a scroll of noise {unknown}
 m - a scroll of teleportation {unknown}
Potions
 d - 4 potions of curing
 g - a potion of invisibility
 i - a potion of heal wounds {unknown}
 j - a potion of degeneration {unknown}
 n - a potion of berserk rage {unknown}
Comestibles
 a - 6 rations
 o - a chunk of flesh


   Skills:
 + Level 4.0 Fighting
 + Level 5.5 Dodging
 + Level 4.6 Stealth
 * Level 4.8 Unarmed Combat


You had 4 spell levels left.
You didn't know any spells.
Your spell library contained the following spells:

 Spells                   Type           Power        Failure   Level  Hunger
 Confusing Touch          Hex            #.....       32%         1    ##.....
 Confuse                  Hex            #.......     69%         3    ####...
 Gell's Gravitas          Tloc           #.........   69%         3    ####...
 Petrify                  Tmut/Erth      #.......     97%         4    #####..
 Metabolic Englaciation   Hex/Ice        #.........   100%        5    ######.
 Yara's Violent Unravell  Hex/Tmut       #.........   100%        5    ######.


Dungeon Overview and Level Annotations

Branches:
Dungeon (4/15)
 Temple: D:4-7

Altars:
Dithmenos
Makhleb
Uskayaw
Wu Jian
Zin


Innate Abilities, Weirdness & Mutations

You cannot wear armour.
You are incapable of wielding weapons or throwing items.
Your paws allow you to move quietly. (Stealth)
You have sharp claws.
You have razor-sharp teeth.
You have supernaturally acute eyesight. (SInv)
You are carnivorous and can eat meat at any time.
You cover ground quickly.
You are covered in fur. (AC +1)
You have a slow metabolism.
Your sharp claws are effective at attacking unaware monsters.


Message History

The worker ant poisons you!
You are too injured to fight recklessly!
You are too injured to fight recklessly!
You are too injured to fight recklessly!
You scratch the worker ant but do no damage.
The worker ant is heavily wounded.
You feel sick. The worker ant misses you.
You scratch the worker ant but do no damage.
The worker ant is heavily wounded.
You feel sick. The worker ant bites you.
* * * LOW HITPOINT WARNING * * *
You scratch the worker ant.
The worker ant is almost dead.
* * * LOW HITPOINT WARNING * * *
You feel sick.
The worker ant bites you but does no damage.
You barely miss the worker ant.
The worker ant is severely wounded.
The worker ant bites you.
You die...

..$.... ..
.......# #.
#...... ..
#.....# .#
#.....##.# #
#.....!..#.###
##.....a.......
#......@†......
##.###<####.#..
#........#
#...#.###..#
#.#.#.# # # .
... .# #.. #.
... . .###


You could see a worker ant.

Vanquished Creatures
  An ogre (D:3)
  4 gnolls
  5 adders (D:2)
  An ooze (D:2)
  6 worms (D:2)
  2 dart slugs
  A leopard gecko (D:1)
  An orc (D:3)
  A ball python (D:2)
  5 giant cockroaches
  4 goblins
  5 hobgoblins
  18 jackals
  10 kobolds
  5 bats
  6 frilled lizards
  6 rats
81 creatures vanquished.

Notes
Turn   | Place    | Note
-------+----------+-------------------------------------------
     0 | D:1      | Descartes the Felid Monk began the quest for the Orb.
     0 | D:1      | Reached XP level 1. HP: 10/10 MP: 2/2
    99 | D:1      | Reached XP level 2. HP: 7/14 MP: 3/3
   809 | D:1      | Reached XP level 3. HP: 11/17 MP: 4/4
  2053 | D:2      | Reached XP level 4. HP: 21/21 MP: 5/5
  2061 | D:2      | Reached skill level 5 in Dodging
  2991 | D:2      | Found a shadowy altar of Dithmenos.
  2993 | D:2      | Found a burning altar of Makhleb.
  2993 | D:2      | Found a glowing silver altar of Zin.
  2994 | D:2      | Found a hide-covered altar of Uskayaw.
  2995 | D:2      | Found an ornate altar of the Wu Jian Council.
  3353 | D:3      | Noticed an ogre
  3372 | D:2      | Reached XP level 5. HP: 8/24 MP: 6/6
  4220 | D:3      | Mangled by an ogre
  4221 | D:3      | Reached XP level 4. HP: -12/22 MP: 5/5
  4229 | D:3      | Killed an ogre
  4229 | D:3      | Reached XP level 5. HP: 25/25 MP: 6/6
  4699 | D:4      | Slain by a worker ant

Levels and vault maps discovered:
D:1:      wheals_arrival_shading, layout_rooms
D:2:      layout_basic, minitemple, hex_tiny, hangedman_decor_riveting,
          minmay_diced_spiral
D:3:      layout_rooms
D:4:      layout_basic, grunt_temple_overflow_forces_of_nature,
          gammafunk_temple_overflow_pools, minmay_temple_entry_junction,
          first_ration, uniq_edmund

Skill      XL: |  1  2  3  4  5 |
---------------+----------------+-----
Stealth        | 3 4 |  4.6
Dodging        | 5 |  5.5
Unarmed Combat | 4 |  4.8
Fighting       | 4 |  4.0

Action                   |  1- 3 |  4- 6 || total
-------------------------+-------+-------++-------
Melee: Unarmed           |   151 |   159 ||   310
       Bite              |    17 |    13 ||    30
       Punch             |       |     2 ||     2
  Use: Scroll            |     1 |     2 ||     3
 Stab: Sleeping          |     5 |    16 ||    21
       Distracted        |       |     1 ||     1
  Eat: Chunk             |    10 |    10 ||    20
Armor: Skin              |     6 |     8 ||    14
Dodge: Dodged            |   141 |   105 ||   246
Block: Other             |     5 |     6 ||    11
